 Dungeon Crawl Stone Soup version 0.18.1-47-g9310371 (console) character file.

599 Kloppie the Poker (level 7, -2/56 HPs)
             Began as a Formicid Fighter on June 16, 2016.
             Slain by Menkaure (18 damage)
             ... on level 5 of the Dungeon.
             The game lasted 00:08:02 (4246 turns).

Kloppie the Poker (Formicid Fighter)                Turns: 4246, Time: 00:08:03

Health: -2/56      AC:  7    Str: 21    XL:     7   Next: 68%
Magic:  7/7        EV:  8    Int:  7    God:
Gold:   66         SH:  9    Dex: 12    Spells: 0 memorised, 6 levels left

rFire  . . .     SeeInvis +     a - +0 trident
rCold  + . .     Gourm    .     b - +0 scale mail
rNeg   . . .     Faith    .     c - +0 shield
rPois  .         Spirit   .     (helmet unavailable)
rElec  .         Dismiss  .     (no cloak)
rCorr  .         Reflect  .     (no gloves)
SustAt .         Harm     .     (no boots)
MR     .....                    o - amulet of magic regeneration
Stlth  ..........               (no ring)
                                e - ring of protection from cold

@: not resistant to hostile enchantments, extremely unstealthy
A: permanent stasis, dig shafts and tunnels, four strong arms, antennae 3
a: Dig, Shaft Self


You were on level 5 of the Dungeon.
You were hungry.

You visited 1 branch of the dungeon, and saw 5 of its levels.

You collected 90 gold pieces.
You spent 24 gold pieces at shops.

Inventory:

Hand Weapons
 a - a +0 trident (weapon)
 m - a +0 halberd
 y - a +0 trident
Armour
 b - a +0 scale mail (worn)
 c - a +0 shield (worn)
 n - a +0 plate armour
Jewellery
 e - a ring of protection from cold (left hand)
 h - an uncursed ring of flight
 o - an amulet of magic regeneration (around neck)
Scrolls
 j - a scroll of fear
 l - 4 scrolls of amnesia
Potions
 p - a potion of heal wounds
 v - a potion of ambrosia {unknown}
 x - a potion of resistance {unknown}
 C - a potion of lignification {unknown}
 D - a potion of cancellation {unknown}
Comestibles
 f - 3 bread rations
 s - 3 fruits
 B - a meat ration


   Skills:
 + Level 5.4 Fighting
 * Level 5.7 Polearms
 + Level 5.2 Armour
 - Level 3.6 Shields


You had 6 spell levels left.
You didn't know any spells.

Dungeon Overview and Level Annotations

Branches:
Dungeon (5/15)
 Temple: D:4-7

Altars:
Nemelex Xobeh
Okawaru
Qazlal
The Shining One

Shops:
D:4 =

Annotations:
D:5 Menkaure


Innate Abilities, Weirdness & Mutations

You are under a permanent stasis effect.
You can dig through walls and to a lower floor.
Your four strong arms can wield two-handed weapons with a shield.
You have a pair of large antennae on your head (SInv).


Message History

You hit Menkaure but do no damage. Menkaure hits you!
You puncture Menkaure!
Menkaure is heavily damaged.
Menkaure calls on the powers of darkness!
Your body is wracked with pain!
* * * LOW HITPOINT WARNING * * *
You block Menkaure's attack.
You are too injured to fight recklessly!
You are too injured to fight recklessly!
You are too injured to fight recklessly!
You are too injured to fight recklessly!
You hit Menkaure.
Menkaure is heavily damaged.
Menkaure casts a spell at you. Pain shoots through your body!
* * * LOW HITPOINT WARNING * * *
You completely miss Menkaure.
Menkaure is heavily damaged.
Menkaure hits you!!
You die...

....$.#
#......<..# ......
+.........+
#.#...#
#.(.......#
#...M.#
##...=...## #.#
##...>.## #.#
##...## #.# ##'##
#.########.#
#.#@.......#
##.#M.......#
#....####....#
#......##........
#....#...........
####.####...##...#
#.# #..## #### #..
...# #... ...#


You could see Menkaure.

Vanquished Creatures
  An ogre (D:4)
  A centaur (D:4)
  A howler monkey (D:4)
  A jelly (D:4)
  An orc priest (D:3)
  A hound (D:3)
  An orc wizard (D:4)
  A worker ant (D:4)
  Robin (D:3)
  4 gnolls (D:4)
  A howler monkey skeleton (D:4)
  6 adders
  4 oozes
  2 dart slugs (D:1)
  2 giant geckos
  13 orcs
  8 bats
  3 giant cockroaches
  14 goblins
  14 hobgoblins
  7 jackals
  10 kobolds
  7 quokkas
  A ball python (D:2)
  A giant gecko skeleton (D:4)
  3 giant newts
  A quokka skeleton (D:4)
  9 rats
119 creatures vanquished.

Notes
Turn   | Place    | Note
--------------------------------------------------------------
     0 | D:1      | Kloppie the Formicid Fighter began the quest for the Orb.
     0 | D:1      | Reached XP level 1. HP: 18/18 MP: 1/1
    94 | D:1      | Reached XP level 2. HP: 22/24 MP: 2/2
   322 | D:1      | Reached XP level 3. HP: 28/29 MP: 3/3
   795 | D:2      | Found a glowing golden altar of the Shining One.
   802 | D:2      | Found a stormy altar of Qazlal.
   986 | D:2      | Reached XP level 4. HP: 29/37 MP: 4/4
  1595 | D:2      | Found an iron altar of Okawaru.
  1838 | D:3      | Reached XP level 5. HP: 16/42 MP: 5/5
  2402 | D:3      | Noticed Robin
  2405 | D:3      | Killed Robin
  2405 | D:3      | Reached XP level 6. HP: 32/49 MP: 6/6
  2659 | D:3      | Found a sparkling altar of Nemelex Xobeh.
  3043 | D:4      | Noticed an ogre
  3053 | D:4      | Killed an ogre
  3243 | D:4      | Reached skill level 5 in Polearms
  3261 | D:4      | Found Vofrob's Jewellery Boutique.
  3270 | D:4      | Bought a cursed amulet of inaccuracy for 24 gold pieces
  3318 | D:4      | Reached XP level 7. HP: 52/55 MP: 7/7
  3344 | D:4      | Reached skill level 5 in Fighting
  3344 | D:4      | Reached skill level 5 in Armour
  3912 | D:5      | Entered Level 5 of the Dungeon
  4229 | D:5      | Noticed Menkaure
  4246 | D:5      | Slain by Menkaure

Skill      XL: |  1  2  3  4  5  6  7 |
---------------+----------------------+-----
Polearms       | 3 4 5 |  5.7
Armour         | 4 5 |  5.2
Fighting       | 4 5 |  5.4
Shields        | |  3.6

Action                   |  1- 3 |  4- 6 |  7- 9 || total
-------------------------+-------+-------+-------++-------
Melee: Trident           |   115 |   264 |   118 ||   497
  Use: Potion            |       |     2 |     2 ||     4
       Scroll            |       |    10 |     2 ||    12
  Eat: Chunk             |       |     8 |     3 ||    11
Armor: Scale mail        |    31 |    71 |    26 ||   128
Dodge: Dodged            |    20 |    67 |    37 ||   124
Block: Shield            |    40 |   112 |    57 ||   209
